 Dungeon Crawl Stone Soup version 0.29-a0-194-g6e3aafee17 (webtiles) character file.

Game seed: 7949366931417903723

371 jlumianski the Firebug (level 6, -3/43 HPs)
             Began as a Demonspawn Fire Elementalist on Feb 22, 2022.
             Was an Initiate of Yredelemnul.
             Slain by an ogre
             ... wielding a +0 giant club
              (23 damage)
             ... on level 4 of the Dungeon.
             The game lasted 00:21:12 (4593 turns).

jlumianski the Firebug (DsFE)                       Turns: 4593, Time: 00:21:17

Health: -3/43      AC:  6    Str: 10    XL:     6   Next: 42%
Magic:  10/10      EV: 12    Int: 16    God:    Yredelemnul [......]
Gold:   172        SH:  4    Dex: 14    Spells: 8/11 levels left

rFire   . . .      SeeInvis .   l - +2 battleaxe (venom)
rCold   . . .      Faith    .   (shield currently unavailable)
rNeg    . . .      Spirit   .   u - +0 leather armour
rPois   .          Reflect  .   (helmet restricted)
rElec   .          Harm     .   (no cloak)
rCorr   .          Rampage  .   (no gloves)
Will    .....                   b - +0 pair of boots
Stlth   ++........              q - amulet of magic regeneration
HPRegen 0.14/turn               (no ring)
MPRegen 0.52/turn               (no ring)

@: very slightly contaminated
A: antennae 1, molten scales 1, powered by death 1, condensation shield
a: Renounce Religion, Recall Undead Harvest


You were on level 4 of the Dungeon.
You worshipped Yredelemnul.
Yredelemnul was noncommittal.
You visited 2 branches of the dungeon, and saw 5 of its levels.

You collected 172 gold pieces.

Inventory:

Hand Weapons
 e - a +0 dagger
 l - a +2 battleaxe of venom (weapon)
 m - a +1 vorpal flail
 w - a +2 trident of venom
Missiles
 k - 46 stones
 o - 4 poisoned darts
 v - 2 atropa-tipped darts
Armour
 a - a +0 robe
 b - a +0 pair of boots (worn)
 s - a +0 helmet
 u - a +0 leather armour (worn)
Jewellery
 q - an amulet of magic regeneration (around neck)
Wands
 n - a wand of paralysis (22)
Scrolls
 d - a scroll of vulnerability
 h - 4 scrolls of teleportation
Potions
 f - a potion of berserk rage
 g - 2 potions of heal wounds
 i - a potion of brilliance
 j - a potion of degeneration
 p - a potion of ambrosia
 r - a potion of mutation {unknown}
 t - 2 potions of curing


   Skills:
 + Level 1.3 Fighting
 + Level 2.1 Axes
 + Level 0.9 Armour
 + Level 2.4 Dodging
 + Level 2.3 Stealth
 + Level 0.2 Shields
 + Level 0.1 Unarmed Combat
 + Level 3.3 Spellcasting
 + Level 1.7 Conjurations
 + Level 4.2 Fire Magic


You had 8 spell levels left.
You knew the following spells:

 Your Spells              Type           Power      Damage    Failure   Level
a - Foxfire               Conj/Fire      48%        2x1d6     7%          1
b - Scorch                Fire           32%        2d6       7%          2

Your spell library contained the following spells:

 Spells                   Type           Power      Damage    Failure   Level
 Conjure Flame            Conj/Fire      12%        6-21      22%         3
 Animate Skeleton         Necr           4%         N/A       26%         1
 Pain                     Necr           8%         1d4       26%         1
 Inner Flame              Hex/Fire       9%         N/A       30%         3
 Flame Wave               Conj/Fire      12%        2d6       56%         4
 Vampiric Draining        Necr           2%         2d6       58%         3
 Fireball                 Conj/Fire      6%         3d5       89%         5
 Starburst                Conj/Fire      6%         6d4       100%        6
 Ignition                 Fire           8%         3d5       100%        8


Dungeon Overview and Level Annotations

Branches:
Dungeon (4/15)             Temple (1/1) D:4

Altars:
Ashenzari
Cheibriados
Dithmenos
Fedhas
Hepliaklqana
Makhleb
Nemelex Xobeh
Ru
Sif Muna
Trog
Wu Jian
Xom
Yredelemnul
Zin


Innate Abilities, Weirdness & Mutations

You have a pair of small antennae on your head.
You are partially covered in molten scales. (AC +2)
You regenerate a little health from kills.
A meltable shield of frost defends you. (SH +4)


Message History

The ogre shouts!
Casting: Foxfire (safe; 7% risk of failure)
Confirm with . or Enter, or press ? or * to list all spells.
You conjure some foxfire!
A giant cockroach comes into view.
The foxfire hits the ogre.
The ogre is lightly wounded.
The foxfire hits the ogre.
The ogre is lightly wounded.
Casting: Foxfire (safe; 7% risk of failure)
Confirm with . or Enter, or press ? or * to list all spells.
You miscast Foxfire.
You are very lightly contaminated with residual magic.
Nothing appears to happen.
Casting: Foxfire (safe; 7% risk of failure)
Confirm with . or Enter, or press ? or * to list all spells.
You miscast Foxfire.
Nothing appears to happen.
Casting: Foxfire (safe; 7% risk of failure)
Confirm with . or Enter, or press ? or * to list all spells.
Flames lash the giant cockroach.
You kill the giant cockroach!
A black mist starts to gather...
The ogre barely misses you.
You slash the ogre!
The ogre is poisoned.
The ogre is heavily wounded.
The ogre barely misses you.
Your giant cockroach zombie bites the ogre but does no damage.
You closely miss the ogre.
The ogre is heavily wounded.
Your giant cockroach zombie barely misses the ogre.
The ogre hits you with a +0 giant club!!
Ouch! That really hurt!
Your giant cockroach zombie bites the ogre.
You hit the ogre.
The ogre looks as sick as possible!
The ogre is severely wounded.
The ogre barely misses you.
Your giant cockroach zombie bites the ogre.
The ogre hits you with a +0 giant club!!
Ouch! That really hurt!
You die...
Your body rises from the dead as a mindless zombie.

..†..# #...#
######*****#*****#######.#.######
.,,,,,,,,.,#.,,,,........#.......
##########.#.########....########
........../..............+,,,,,>*
...#.####*,#.............#*******
.....# *,+....Z........# ...#.#
**#...O.......[.# ####.#
#....@....##### .....#
#.........# ####.# #.........# ,*
#.# ###+##################
.###.#######...#.................
.............P.#.################
####.#######.###.#
.........P#...#P.# #########
####.#.#....>....# #.......#


You could see an ogre (extremely poisoned, ally target) and a friendly giant
cockroach zombie.

Vanquished Creatures
  A water moccasin skeleton (D:4)
  Jessica (D:2)
  Natasha (thrice) (D:3)
  Terence (D:3)
  An iguana (D:4)
  Robin (D:1)
  3 gnolls
  4 adders
  2 dart slugs (D:1)
  6 orcs
  3 ball pythons
  3 bats
  12 endoplasms
  7 giant cockroaches
  14 goblins
  6 hobgoblins
  2 jackals (D:1)
  2 quokkas (D:1)
  2 frilled lizards (D:1)
  7 kobolds
  2 rats
83 creatures vanquished.

Vanquished Creatures (others)
  108 foxfires
  A plant (D:4)
109 creatures vanquished.

Grand Total: 192 creatures vanquished

Notes
Turn   | Place    | Note
-------+----------+-------------------------------------------
     0 | D:1      | jlumianski the Demonspawn Fire Elementalist began the quest
                  | for the Orb.
     0 | D:1      | Reached XP level 1. HP: 13/13 MP: 3/3
   638 | D:1      | Reached skill level 3 in Fire Magic
   638 | D:1      | Gained mutation: You are partially covered in molten
                  | scales. (AC +2) [demonic ancestry]
   638 | D:1      | Reached XP level 2. HP: 12/19 MP: 1/5
   641 | D:1      | Learned a level 2 spell: Scorch
  1771 | D:2      | Gained mutation: A meltable shield of frost defends you.
                  | (SH +4) [demonic ancestry]
  1771 | D:2      | Reached XP level 3. HP: 20/24 MP: 2/6
  1869 | D:2      | Noticed Jessica
  2009 | D:2      | Killed Jessica
  2074 | D:2      | Gained mutation: You have a pair of small antennae on your
                  | head. [demonic ancestry]
  2074 | D:2      | Reached XP level 4. HP: 31/31 MP: 2/7
  2265 | D:2      | Noticed Robin
  2396 | D:1      | Killed Robin
  2456 | D:1      | Reached XP level 5. HP: 36/36 MP: 9/9
  2928 | D:3      | Noticed Natasha
  2961 | D:3      | Killed Natasha
  2962 | D:3      | Reached skill level 1 in Fighting
  2962 | D:3      | Reached skill level 1 in Axes
  3118 | D:3      | Noticed Terence
  3128 | D:3      | Killed Terence
  3241 | D:3      | Found a faded altar of an unknown god.
  3540 | D:3      | Noticed Natasha
  3545 | D:3      | Killed Natasha
  3609 | D:3      | Noticed Natasha
  3622 | D:3      | Killed Natasha
  3623 | D:3      | Reached skill level 4 in Fire Magic
  3810 | D:3      | Gained mutation: You regenerate a little health from kills.
                  | [demonic ancestry]
  3810 | D:3      | Reached XP level 6. HP: 38/43 MP: 7/10
  4369 | D:4      | Found a staircase to the Ecumenical Temple.
  4376 | Temple   | Entered the Ecumenical Temple
  4489 | Temple   | Became a worshipper of Yredelemnul the Dark
  4593 | D:4      | Slain by an ogre

Illustrated notes

Levels and vault maps discovered:
D:1:      eino_arrival_cavern_a, layout_loops_corners, dk_noncrumbling_2
D:2:      layout_rooms, uniq_robin, uniq_jessica
D:3:      layout_loops_cross, ebering_ecumenical_altar_ruins, uniq_natasha,
          uniq_terence
D:4:      layout_basic, minmay_temple_entry_gardened_gates
Temple:   regret_index_temple_sphere_string

Skill      XL: |  1  2  3  4  5  6 |
---------------+-------------------+-----
Fire Magic     | 3 4 |  4.2
Stealth        | 2 |  2.3
Dodging        | 2 |  2.4
Fighting       | 1 |  1.3
Axes           | 1 2 |  2.1
Spellcasting   | 3 |  3.3
Armour         | |  0.9
Shields        | |  0.2
Unarmed Combat | |  0.1
Conjurations   | |  1.7

Action                   |  1- 3 |  4- 6 || total
-------------------------+-------+-------++-------
Melee: Unarmed           |    10 |       ||    10
       Dagger            |    18 |       ||    18
       Battleaxe         |     7 |   104 ||   111
 Cast: Foxfire           |    30 |    28 ||    58
       Scorch            |     7 |    16 ||    23
  Use: Scroll            |       |    13 ||    13
       Potion            |       |     1 ||     1
Armor: Robe              |     6 |    21 ||    27
       Leather armour    |       |    24 ||    24
Dodge: Dodged            |    20 |    89 ||   109
Block: Other             |       |    18 ||    18

Table legend: (Time is in decaauts)
 A = Elapsed time spent in this place.
 B = Non-inter-level travel time spent in this place.
 C = Inter-level travel time spent in this place.
 D = Time resting spent in this place.
 E = Time spent auto-exploring this place.
 F = Levels seen in this place.
 G = Mean time per level.
                   A        B        C        D        E       F      G
               +--------+--------+--------+--------+--------+-----+--------+
         Total |   4667 |   4585 |     82 |    685 |   2534 |   5 |  933.4 |
       Dungeon |   4540 |   4458 |     82 |    685 |   2451 |   4 | 1135.0 |
        Temple |    127 |    127 |      0 |      0 |     83 |   1 |  127.0 |
               +--------+--------+--------+--------+--------+-----+--------+

Top non-repeatable levels by time:
     D:1: 2039 daAuts
     D:3: 1187 daAuts
     D:2: 831 daAuts
     D:4: 482 daAuts
  Temple: 127 daAuts
